 Dungeon Crawl Stone Soup version 0.19.5 (webtiles) character file.

914 tidbits the Zephyrmancer (level 7, 0/45 HPs)
             Began as a High Elf Wanderer on Nov 8, 2017.
             Was a Follower of Makhleb.
             Slain by a bullfrog (7 damage)
             ... on level 6 of the Dungeon.
             The game lasted 00:17:58 (1768 turns).

tidbits the Zephyrmancer (High Elf Wanderer)        Turns: 1768, Time: 00:17:59

Health: 0/45       AC:  2    Str:  9 (10) XL:     7   Next: 82%
Magic:  14/14      EV: 12    Int: 22      God:    Makhleb [*.....]
Gold:   135        SH:  0    Dex: 10 (12) Spells: 5 memorised, 1 level left

rFire  . . .     SeeInvis .     a - +3 falchion
rCold  . . .     Gourm    .     d - +0 robe
rNeg   . . .     Faith    .     (no shield)
rPois  .         Spirit   .     (no helmet)
rElec  .         Reflect  .     (no cloak)
rCorr  .         Harm     .     (no gloves)
MR     .....                    (no boots)
Stlth  +.........               (no amulet)
                                o - ring of flight
                                Y - +2 ring of slaying

@: repel missiles
A: no striking features
a: Renounce Religion, Evoke Flight


You were on level 6 of the Dungeon.
You worshipped Makhleb.
Makhleb was aware of your devotion.
You were not hungry.

You visited 1 branch of the dungeon, and saw 7 of its levels.

You collected 135 gold pieces.

Inventory:

Hand Weapons
 a - a +3 falchion (weapon)
   (You found it on level 5 of the Dungeon)
 e - a +0 dagger
 q - a +1 falchion of flaming
   (You found it on level 6 of the Dungeon)
 x - a +0 long sword
   (You took it off an orc warrior on level 5 of the Dungeon)
 A - a +0 short sword
   (You found it on level 2 of the Dungeon)
 C - the +1 flail "Attots" {drain, rPois Str+3, unknown}
   (You found it on level 6 of the Dungeon)

   A truly terrible weapon, it drains the life of those it strikes.
   It affects your strength (+3).
   It protects you from poison.
 D - a cursed -2 hand crossbow
   (You found it on level 6 of the Dungeon)
Missiles
 n - 30 arrows
 t - 25 bolts
 v - 4 tomahawks of returning (quivered)
Armour
 d - a +0 robe (worn)
 r - a cursed +0 ring mail
   (You found it on level 3 of the Dungeon)
Jewellery
 o - a ring of flight (right hand)
   (You found it on level 5 of the Dungeon)
 G - an uncursed ring of protection from cold {unknown}
   (You found it on level 6 of the Dungeon)
 Y - a +2 ring of slaying (left hand)
   (You found it on level 2 of the Dungeon)
Scrolls
 g - a scroll of enchant armour {unknown}
 h - 2 scrolls of noise {unknown}
 i - a scroll of immolation {unknown}
 j - 4 scrolls of identify {unknown}
 l - a scroll of amnesia {unknown}
 m - a scroll of remove curse {unknown}
 p - 2 scrolls of fog {unknown}
 s - a scroll of random uselessness {unknown}
 w - a scroll of recharging {unknown}
 y - 2 scrolls of magic mapping {unknown}
 B - a scroll of teleportation {unknown}
Potions
 c - a potion of lignification
 z - a potion of cancellation {unknown}
 E - a potion of flight {unknown}
Books
 b - the Almanac of Toxins

   Spells                             Type                      Level
   a - Sting                          Conjuration/Poison           1
   b - Mephitic Cloud                 Conjuration/Poison/Air       3
 k - a book of Air

   Spells                             Type                      Level
   a - Shock                          Conjuration/Air              1
   b - Swiftness                      Charms/Air                   2
   c - Repel Missiles                 Charms/Air                   2
   d - Static Discharge               Conjuration/Air              3
   e - Lightning Bolt                 Conjuration/Air              5
 u - the Handbook of Dusty Arcane Weapons
   (You found it on level 4 of the Dungeon)

   Spells                             Type                      Level
   a - Magic Dart                     Conjuration                  1
   b - Sandblast                      Earth                        1
   c - Static Discharge               Conjuration/Air              3
   d - Petrify                        Transmutation/Earth          4
   e - Irradiate                      Conjuration/Transmutation    5
   f - Poisonous Cloud                Conjuration/Poison/Air       6
Comestibles
 f - 3 bread rations
 F - a meat ration


   Skills:
 - Level 2.0 Fighting
 - Level 1.0 Throwing
 - Level 2.2 Dodging
 - Level 4.1 Spellcasting
 + Level 6.1 Conjurations
 + Level 8.7 Air Magic
 - Level 1.0 Evocations


You had one spell level left.
You knew the following spells:

 Your Spells              Type           Power        Failure   Level  Hunger
a - Shock                 Conj/Air       ####         1%          1    None
d - Static Discharge      Conj/Air       #####...     1%          3    ##.....
l - Lightning Bolt        Conj/Air       #####.....   17%         5    ######.
m - Repel Missiles        Chrm/Air       ###...       3%          2    #......
W - Swiftness             Chrm/Air       ###.....     3%          2    #......


Dungeon Overview and Level Annotations

Branches:
Dungeon (7/15)             Temple (0/1) D:5

Altars:
Makhleb
Xom
Zin


Message History

Confirm with . or Enter, or press ? or * to list all spells.
Aiming: Shock
Press: ? - help, Shift-Dir - straight line The zap hits the orc wizard.
The orc wizard is moderately wounded.
The zap hits the orc wizard.
The orc wizard is heavily wounded.
The orc wizard points at you and mumbles some strange words.
You easily resist.
The orc throws a tomahawk.
The tomahawk hits you!
* * * LOW HITPOINT WARNING * * *
You see here a tomahawk.
The orc wizard mumbles some strange words.
The orc wizard flickers and vanishes!
Deactivating autopickup; reactivate with Ctrl-A.
The orc throws a tomahawk.
The tomahawk closely misses you.
The orc wizard gestures wildly while chanting.
The orc wizard blinks!
You see here a tomahawk.
There is a stone staircase leading up here.
You climb upwards.
There is a stone staircase leading down here.
Magic restored.
Found a runed falchion.
You see here a runed falchion.
q - a runed falchion A bullfrog comes into view.
Found 17 gold pieces.
Casting: Shock
Confirm with . or Enter, or press ? or * to list all spells.
Aiming: Shock
Press: ? - help, Shift-Dir - straight line
Okay, then.
The bullfrog gives a loud, deep croak!
The bullfrog misses you.
You riposte.
You closely miss the bullfrog.
Casting: Shock
Confirm with . or Enter, or press ? or * to list all spells.
Aiming: Shock
Press: ? - help, Shift-Dir - straight line The zap misses the bullfrog. x2; The bullfrog barely misses you. x2
You riposte.
You slash the bullfrog!
The bullfrog is moderately wounded.
Casting: Shock
Confirm with . or Enter, or press ? or * to list all spells.
Aiming: Shock
Press: ? - help, Shift-Dir - straight line The zap misses the bullfrog.
The zap hits the bullfrog.
The bullfrog is severely wounded.
The bullfrog hits you!
* * * LOW HITPOINT WARNING * * *
Casting: Shock
Confirm with . or Enter, or press ? or * to list all spells.
Aiming: Shock
Press: ? - help, Shift-Dir - straight line The zap hits the bullfrog.
You kill the bullfrog!
Makhleb accepts your kill.
You feel your intelligence returning.
Your Conjurations skill increases to level 6!
You see here a bullfrog corpse.
Found a scroll labeled CAASOV OROGHY.
You see here 17 gold pieces.
You see here a scroll labeled CAASOV OROGHY.
j - 4 scrolls labeled CAASOV OROGHY (gained 1)
You see here 17 gold pieces.
You now have 135 gold pieces (gained 17).
Found a meat ration.
Found 25 stones. 3 orcs come into view.
The orc shouts!
You see here a meat ration.
F - a meat ration
There is a stone staircase leading up here.
Found a stone staircase leading up.
You see here a scroll labeled LIOH YTHROELADE.
y - 2 scrolls labeled LIOH YTHROELADE (gained 1)
Found an escape hatch in the ceiling.
Found a scratched copper ring.
There is a stone staircase leading up here.
A bullfrog comes into view.
The bullfrog croaks.
Found a potion of curing.
A worm comes into view.
The bullfrog hits you!
* * * LOW HITPOINT WARNING * * *
You see here a scratched copper ring.
G - a scratched copper ring The bullfrog hits you.
* * * LOW HITPOINT WARNING * * *
The bullfrog barely misses you.
You riposte.
You slash the bullfrog!
The bullfrog is moderately wounded.
The bullfrog hits you.
* * * LOW HITPOINT WARNING * * *
The bullfrog hits you.
* * * LOW HITPOINT WARNING * * *
The bullfrog misses you.
You riposte.
You slash the bullfrog!
The bullfrog is severely wounded.
Okay, then.
The bullfrog hits you!
You die...

#..###......... .
..#.......... #.#.#.........
. #.#.#...!....#.
............. ###.#..#w#..#
# #.o......#..##.#
#F#.#..........#
#@#.........###
#.##.o.o....#
################.###.#..##.#
...#.............###.#o.# #
........#.# ........<##.#
.#.#.##.#.#####.####....<..#
.#.#.##..........# ####.####
.#.#.####..#.##..# ##.##
.#.#.####..#.##..# #...#


You could see a bullfrog and an orc.

Vanquished Creatures
  The ghost of p0werm0de the Slasher, an amateur HECK of Xom (D:5)
  Eustachio (D:6)
  An orc warrior (D:5)
  A phantom (D:5)
  An ogre (D:5)
  2 bullfrogs (D:6)
  An orc priest (D:6)
  A hound (D:5)
  A hound skeleton (D:4)
  5 adders
  3 oozes
  An adder zombie (D:4)
  A worm (D:5)
  4 leopard geckos
  5 orcs
  2 giant cockroaches
  2 goblins
  3 hobgoblins
  2 jackals (D:6)
  4 quokkas
  3 bats
  5 frilled lizards
  4 kobolds
  A leopard gecko zombie (D:5)
  7 rats
62 creatures vanquished.

Notes
Turn   | Place    | Note
-------+----------+-------------------------------------------
     0 | D:1      | tidbits the High Elf Wanderer began the quest for the Orb.
     0 | D:1      | tidbits set off with: a book of Air, the Almanac of Toxins, a potion of lignification, a +0 robe, a +0 dagger, a bread ration
     0 | D:1      | Reached XP level 1. HP: 11/11 MP: 4/4
     0 | D:1      | Identified the Almanac of Toxins
     2 | D:1      | Learned a level 1 spell: Shock
     8 | D:1      | Noticed a swamp drake
     8 | D:1      | Noticed a black bear
     8 | D:1      | Noticed a redback
     8 | D:1      | Noticed a black mamba
    66 | D:1      | Reached skill level 2 in Conjurations
   131 | D:2      | Reached XP level 2. HP: 15/17 MP: 4/6
   137 | D:2      | Learned a level 2 spell: Repel Missiles
   151 | D:2      | Found a glowing silver altar of Zin.
   275 | D:2      | Learned a level 2 spell: Swiftness
   315 | D:2      | Reached XP level 3. HP: 21/21 MP: 3/7
   345 | D:2      | Reached skill level 3 in Conjurations
   595 | D:3      | Found a shimmering altar of Xom.
   596 | D:3      | Found a shimmering altar of Xom.
   597 | D:3      | Found a shimmering altar of Xom.
   598 | D:3      | Found a shimmering altar of Xom.
   598 | D:3      | Found a shimmering altar of Xom.
   598 | D:3      | Found a shimmering altar of Xom.
   714 | D:3      | Found a burning altar of Makhleb.
   719 | D:3      | Became a worshipper of Makhleb the Destroyer
   755 | D:3      | Reached XP level 4. HP: 23/27 MP: 5/9
   858 | D:4      | Reached skill level 3 in Spellcasting
   881 | D:4      | Learned a level 3 spell: Static Discharge
   956 | D:4      | Identified the Handbook of Dusty Arcane Weapons
   977 | D:5      | Entered Level 5 of the Dungeon
   984 | D:5      | Noticed an ogre
   997 | D:5      | Killed an ogre
   997 | D:5      | Reached skill level 1 in Fighting
   997 | D:5      | Reached skill level 1 in Dodging
   997 | D:5      | Reached XP level 5. HP: 30/33 MP: 4/11
  1050 | D:5      | Noticed a phantom
  1071 | D:5      | Killed a phantom
  1071 | D:5      | Reached skill level 2 in Fighting
  1071 | D:5      | Reached skill level 2 in Dodging
  1071 | D:5      | Reached skill level 4 in Spellcasting
  1071 | D:5      | Reached XP level 6. HP: 18/39 MP: 5/13
  1082 | D:5      | Learned a level 5 spell: Lightning Bolt
  1194 | D:6      | Reached skill level 4 in Conjurations
  1194 | D:6      | Reached skill level 7 in Air Magic
  1213 | D:6      | Noticed an orc warrior
  1226 | D:5      | Reached * piety under Makhleb
  1236 | D:5      | Noticed p0werm0de's ghost (amateur HECK)
  1298 | D:5      | Found a staircase to the Ecumenical Temple.
  1354 | D:5      | Killed p0werm0de's ghost
  1354 | D:5      | Reached skill level 5 in Conjurations
  1354 | D:5      | Reached XP level 7. HP: 13/45 MP: 7/14
  1450 | D:5      | Reached skill level 8 in Air Magic
  1542 | D:6      | Got a brightly glowing flail
  1563 | D:6      | Noticed Eustachio
  1594 | D:6      | Killed Eustachio
  1701 | D:6      | Reached skill level 6 in Conjurations
  1768 | D:6      | Slain by a bullfrog

Skill      XL: |  1  2  3  4  5  6  7 |
---------------+----------------------+-----
Conjurations   | 2 3 5 6 |  6.1
Spellcasting   | 3 4 |  4.1
Fighting       | 1 2 |  2.0
Dodging        | 1 2 |  2.2
Air Magic      | 7 8 |  8.7
Throwing       | |  1.0
Evocations     | |  1.0

Action                   |  1- 3 |  4- 6 |  7- 9 || total
-------------------------+-------+-------+-------++-------
Melee: Dagger            |     1 |       |       ||     1
       Short sword       |     1 |     2 |       ||     3
 Cast: Shock             |    46 |    48 |    15 ||   109
       Repel Missiles    |     1 |       |       ||     1
       Static Discharge  |       |     1 |       ||     1
       Lightning Bolt    |       |       |     2 ||     2
  Use: Potion            |       |     3 |     2 ||     5
  Eat: Beef jerky        |     1 |       |       ||     1
       Fruit             |       |       |     2 ||     2
Armor: Robe              |     5 |     4 |       ||     9
Dodge: Dodged            |    24 |    12 |    18 ||    54
       Rpst.: Falchion   |       |     1 |     5 ||     6

Table legend:
 A = Turns spent in this place as a percentage of turns spent in the entire game.
 B = Non-inter-level travel turns spent in this place as a percentage of non-inter-level travel turns spent in the entire game.
 C = Inter-level travel turns spent in this place as a percentage of turns spent in this place.
 D = Turns resting spent in this place as a percentage of non-inter-level travel turns spent in this place.
 E = Turns spent auto-exploring this place as a percentage of non-inter-level travel turns spent in this place.
 F = Non-inter-level travel turns spent in this place divided by the number of levels of this place that you've seen.
                   A       B       C       D       E      F
               +-------+-------+-------+-------+-------+----------------------
         Total | 100.0 | 100.0 |   0.0 |   0.0 |   0.0 | 234.1
       Dungeon | 100.0 | 100.0 |   0.0 |   0.0 |   0.0 | 234.1
               +-------+-------+-------+-------+-------+----------------------

Table legend:
 A = Kills in this place as a percentage of kills in entire the game.
 B = Kills by you in this place as a percentage of kills by you in the entire game.
 C = Kills by friends in this place as a percentage of kills by friends in the entire game.
 D = Other kills in this place as a percentage of other kills in the entire game.
 E = Experience gained in this place as a percentage of experience gained in the entire game.
 F = Experience gained in this place divided by the number of levels of this place that you have seen.
                   A       B       C       D       E      F
               +-------+-------+-------+-------+-------+----------------------
         Total | 100.0 | 100.0 |  -nan |  -nan | 100.0 | 186.6
       Dungeon | 100.0 | 100.0 |  -nan |  -nan | 100.0 | 186.6
               +-------+-------+-------+-------+-------+----------------------

Vault maps used:
D:1:      onia_arrival_zoo_common
D:2:      lemuel_doored_altar
D:3:      minmay_door_path, lightli_temple_of_fire, xom_redecorated
D:4:      serial_shops, kennysheep_little_box, first_bread, st_stairs_4,
          chei_slow_surprise
D:5:      temple_statues
D:6:      uniq_eustachio
D:7:      minmay_opposing_rooms, lemuel_round_altar, basic_altar,
          lemuel_flame_loot_1
